 Dungeon Crawl Stone Soup version 0.22-a0-322-g60b3cfd (webtiles) character file.

37 Kairos the Covered (level 3, 30/30 HPs)
             Began as a Barachi Fighter on Apr 5, 2018.
             Got out of the dungeon alive.
             The game lasted 00:01:27 (1179 turns).

Kairos the Covered (Barachi Fighter)                Turns: 1179, Time: 00:01:28

Health: 30/30      AC:  7    Str: 16 (17) XL:     3   Next: 39%
Magic:  3/3        EV:  7    Int:  6 (8)  God:
Gold:   43         SH:  9    Dex: 11 (12) Spells: 2/2 levels left

rFire    . . .     SeeInvis .   a - +0 flail
rCold    . . .     Gourm    .   c - +0 shield
rNeg     . . .     Faith    .   b - +0 scale mail
rPois    .         Spirit   .   (no helmet)
rElec    .         Reflect  .   (no cloak)
rCorr    .         Harm     .   (no gloves)
MR       .....                  (no boots)
Stlth    ..........             (no amulet)
HPRegen  0.10/turn              (no ring)
MPRegen  0.08/turn              (no ring)

@: slow
A: +LOS, swims, slowness 1, strong legs 1
a: Hop


You escaped.
You were not hungry.

You visited 1 branch of the dungeon, and saw 1 of its levels.

You collected 43 gold pieces.

Inventory:

Hand Weapons
 a - a +0 flail (weapon)
Armour
 b - a +0 scale mail (worn)
 c - a +0 shield (worn)
Scrolls
 i - a scroll of enchant weapon
 j - a scroll of remove curse
Potions
 d - a potion of might
 n - a potion of heal wounds
Comestibles
 f - 2 rations


   Skills:
 + Level 3.8 Fighting
 + Level 2.7 Maces & Flails
 + Level 4.1 Armour
 + Level 0.2 Dodging
 + Level 3.9 Shields


You had 2 spell levels left.
You didn't know any spells.

Dungeon Overview and Level Annotations

Branches:
Dungeon (1/15)

Altars:


Innate Abilities, Weirdness & Mutations

Shadows flee at your approach. (+LOS)
You can swim through water.
You cover ground slowly.
You can hop short distances.


Message History

It was a potion of cancellation.
Your magical effects are unravelling.
You feel magically purged.
You feel a little less agile now.
It was a potion of heal wounds.
You feel much better.
Okay, then.
As you read the scroll labeled DOIWO DAC JARPH, it crumbles to dust.
It is a scroll of identify.
i - a scroll of enchant weapon
As you read the scroll labeled NAWAM BIP ENAT, it crumbles to dust.
You feel blessed for a moment.
It was a scroll of remove curse.
As you read the scroll labeled PUIGIE DYRON, it crumbles to dust.
You feel momentarily disoriented.
It was a scroll of magic mapping.
As you read the scroll labeled ICUOVI BEHEKHI, it crumbles to dust.
You feel strangely unstable.
It was a scroll of teleportation.
Your surroundings suddenly seem different.
You can't go up here!
There is a staircase leading out of the dungeon here.
Are you sure you want to leave the Dungeon?
This will make you lose the game!
You have escaped!

#...###.........###...##....
####..## ##.......## ##..##.#..
#.....# #.......# #..##.#..
#.#...## ##.......## ##.###.#..
#.#....###.........###..###....
#.#......................###.#.
#.#.#....................##.#..
#.#.#....................#.###.
#.............@...........###.#
####.....................#.#.##
#.......รท.............##.#.#
#....................###...(
#...###.........###...#####.
#..## ##.......## ##..# #. #..#
#.......# #..#####. #..##
##.......## ##..##....
#...###.........###...##....


There were no monsters in sight!

Vanquished Creatures
  An ooze (D:1)
  A dart slug (D:1)
  A giant cockroach (D:1)
  2 goblins (D:1)
  4 hobgoblins (D:1)
  3 jackals (D:1)
  6 bats (D:1)
  3 frilled lizards (D:1)
  A kobold (D:1)
  10 rats (D:1)
32 creatures vanquished.

Notes
Turn   | Place    | Note
-------+----------+-------------------------------------------
     0 | D:1      | Kairos the Barachi Fighter began the quest for the Orb.
     0 | D:1      | Reached XP level 1. HP: 18/18 MP: 1/1
   108 | D:1      | Reached XP level 2. HP: 7/25 MP: 2/2
   662 | D:1      | Reached skill level 4 in Armour
   756 | D:1      | Reached XP level 3. HP: 30/30 MP: 3/3
  1179 | D:$      | Got out of the dungeon alive.

Vault maps used:
D:1:      minmay_arrival_four_circles, minmay_rat_gold_closets

Skill      XL: |  1  2 |
---------------+-------+-----
Armour         | 4 |  4.1
Fighting       | |  3.8
Maces & Flails | |  2.7
Dodging        | |  0.2
Shields        | |  3.9

Action                   || total
-------------------------++-------
Melee: Flail             ||   109
  Use: Scroll            ||     4
       Potion            ||     4
  Eat: Chunk             ||     1
Armor: Scale mail        ||    59
Dodge: Dodged            ||    38
Block: Shield            ||    65

Table legend:
 A = Spawn XP
 B = Non-spawn XP
 C = Spawn XP percentage of total XP
 D = Spawn monster count
 E = Non-spawn monster count
 F = Spawn count percentage of total count
 G = Total turns spent on level
                    A         B        C        D         E        F      G
               +---------+---------+-------+---------+---------+-------+---------
         Total |       0 |      53 |   0.0 |       0 |      32 |   0.0 |  1179
               +---------+---------+-------+---------+---------+-------+---------
           D:1 |       0 |      53 |   0.0 |       0 |      32 |   0.0 |  1179
               +---------+---------+-------+---------+---------+-------+---------
